[Event "Team 45 45 League T51"]
[Site "Internet Chess Club"]
[Date "2011.12.17"]
[Round "6"]
[White "gaibo4ever"]
[Black "fledermaus"]
[Result "1-0"]
[WhiteElo "2131"]
[BlackElo "1963"]
[Opening "Sicilian: Anderssen variation"]
[ECO "B41"]
[Time "15:02:44"]
[TimeControl "2700+45"]

1. e4 c5 2. Nf3 e6 3. d4 cxd4 4. Nxd4 Nf6 5. Bd3 Nc6 6. c3 e5 7. Nb3 d5 8. exd5
Qxd5 9. O-O Bg4 10. Qc2 Rd8 11. Be2 Bxe2 12. Qxe2 Qd3 13. Qxd3 Rxd3 14. Bg5 Ne4
15. Be3 Be7 16. N1d2 Nxd2 17. Bxd2 O-O 18. Rfd1 Rfd8 19. Kf1 e4 20. Ke2 Ne5 21.
Be3 Nc4 22. Bxa7 Nxb2 23. Rdc1 Nc4 24. Bd4 Ra8 25. a4 f5 26. Rc2 Ba3 27. Rca2
Bb2 28. Rxb2 Nxb2 29. Nc5 Rxd4 30. cxd4 b6 31. Nd7 Nxa4 32. Ke3 Rd8 33. Rxa4
Rxd7 34. Rb4 Rd6 35. Rb5 g6 36. d5 Kf7 37. Kd4 Kf6 38. Rb3 g5 39. g3 g4 40. Rb1
Ke7 41. Ke5 Rf6 42. Rd1 Rh6 43. Rh1 Rh5 44. d6+ Kd7 45. Rd1 Rxh2 46. Ra1 Rh5 47.
Ra7+ Kd8 48. Ke6 Rh6+ 49. Kd5 Rh1 50. Kc6 Rc1+ 51. Kxb6 Rc2 52. Rxh7 Ke8 53. Ra7
Kd8 54. Rf7 Rxf2 55. Kc6 Rc2+ 56. Kd5 Ke8 57. Ke6 Rd2 58. d7+ Kd8 59. Rf8+ Kc7
60. Rc8+ Kb7 61. d8=Q Rxd8 62. Rxd8 f4 63. gxf4 e3 64. Rd3 {Black resigns} 1-0

[Event "Team 45 45 League T51"]
[Site "Internet Chess Club"]
[Date "2011.12.18"]
[Round "6"]
[White "martineden"]
[Black "civilization"]
[Result "1/2-1/2"]
[WhiteElo "1880"]
[BlackElo "1790"]
[Opening "Grünfeld with Bf4 & e3"]
[ECO "D93"]
[Time "12:07:28"]
[TimeControl "2700+45"]

1. d4 Nf6 2. Nf3 g6 3. Bf4 Bg7 4. e3 d5 5. c4 O-O 6. Nc3 c6 7. Rc1 Qb6 8. cxd5
Nxd5 9. Nxd5 cxd5 10. Qd2 Nc6 11. Be2 Bf5 12. O-O Rac8 13. Rc5 e5 14. Rb5 Qc7
15. Nxe5 Bxe5 16. dxe5 Be6 17. Rc1 a6 18. Rbc5 Qd7 19. Bf3 Ne7 20. R1c3 Rxc5 21.
Rxc5 Rc8 22. Qc3 Rxc5 23. Qxc5 Qc6 24. Qxc6 Nxc6 25. a3 Na5 26. Be2 Kf8 27. Kf1
Ke8 28. Ke1 Kd7 29. Kd2 Kc6 30. b4 Nc4+ 31. Bxc4 dxc4 32. a4 b5 33. a5 h5 34. e4
Kc7 35. Kc3 Kd7 36. Kd4 Kc6 37. Bd2 Bc8 38. h3 Bd7 39. f3 Be6 40. Ke3 Kd7 41.
Kf4 Ke7 42. Kg5 Bc8 43. f4 Bb7 44. g4 hxg4 45. hxg4 Bxe4 46. f5 Bd3 47. e6 gxf5
48. exf7 {Game drawn by mutual agreement} 1/2-1/2

[Event "Team 45 45 League T51"]
[Site "Internet Chess Club"]
[Date "2011.12.18"]
[Round "6"]
[White "Chess-Dream"]
[Black "Pason"]
[Result "0-1"]
[WhiteElo "2069"]
[BlackElo "2078"]
[Opening "Queen's Indian: Petrosian system"]
[ECO "E12"]
[Time "14:00:07"]
[TimeControl "2700+45"]

1. d4 e6 2. Nf3 Nf6 3. c4 b6 4. a3 Ba6 5. Qc2 Bb7 6. Nc3 d5 7. Bg5 Be7 8. Bxf6
Bxf6 9. cxd5 exd5 10. Qa4+ Bc6 11. Qb3 O-O 12. g3 Bb7 13. Bg2 c6 14. O-O Re8 15.
Rfd1 Nd7 16. e3 g6 17. Ne1 Bg7 18. Nd3 Nf6 19. Rac1 Rc8 20. Qa4 Ra8 21. b4 b5
22. Qb3 Nd7 23. a4 a6 24. Ra1 Nb6 25. axb5 axb5 26. Nc5 Rxa1 27. Rxa1 Bc8 28.
Ra7 Re7 29. Rxe7 Qxe7 30. Qa2 Bxd4 31. Nxd5 cxd5 32. exd4 Qe1+ {White resigns}
0-1

[Event "Team 45 45 League T51"]
[Site "Internet Chess Club"]
[Date "2011.12.18"]
[Round "6"]
[White "koni"]
[Black "Legal"]
[Result "1-0"]
[WhiteElo "1883"]
[BlackElo "1999"]
[Opening "English opening"]
[ECO "D13"]
[Time "06:13:07"]
[TimeControl "2700+45"]

1. Nf3 Nf6 2. c4 c6 3. Nc3 d5 4. cxd5 cxd5 5. d4 e6 6. Bf4 Qb6 7. Qc2 Nc6 8. e3
Nh5 9. Bg3 Bd7 10. a3 Rc8 11. Bd3 h6 12. O-O Nxg3 13. hxg3 Na5 14. b4 Nc4 15.
Bxc4 Rxc4 16. Ne5 Rc7 17. Nxd7 Kxd7 18. Rfc1 Bd6 19. Qa4+ Ke7 20. Nb5 Rc4 21.
Rxc4 dxc4 22. Nxa7 h5 23. Rc1 Bb8 24. Nb5 h4 25. gxh4 Rh5 26. Nc3 Qc7 27. f4
Rxh4 28. Qb5 Rg4 29. Qc5+ Kd7 30. Qxc7+ Bxc7 31. Nb5 Bb6 32. Rxc4 g5 33. fxg5 e5
34. a4 Rxg5 35. a5 exd4 36. Nxd4 Bc7 37. Nf3 Rd5 38. Rd4 Kc6 39. Kf2 Rb5 40.
Rc4+ Kd7 41. Nd4 Rg5 42. Nb3 Rf5+ 43. Kg1 Bg3 44. Nc5+ Ke7 45. Ne4 Bb8 46. Nc5
Bg3 47. Rc2 Rd5 48. Rc1 Rd2 49. Ne4 Rb2 50. Nxg3 Rxb4 51. Rc5 b6 52. axb6 Rxb6
53. Kf2 Rb2+ 54. Kf3 Ke6 55. Ra5 Rb1 56. Ne4 Rf1+ 57. Nf2 Re1 58. g4 Rg1 59. Kf4
Rf1 60. Ra6+ Ke7 61. Kf3 Rg1 62. e4 Re1 63. Nd3 Rd1 64. Nf4 Rf1+ 65. Kg3 Rg1+
66. Kh4 Re1 67. Ra4 Kf6 68. g5+ Ke5 {Black resigns} 1-0

[Event "Team 45 45 League T51"]
[Site "Internet Chess Club"]
[Date "2011.12.18"]
[Round "6"]
[White "LucaTrapani"]
[Black "expectnomercy"]
[Result "1-0"]
[WhiteElo "1875"]
[BlackElo "1831"]
[Opening "Nimzo-Indian: Kmoch variation"]
[ECO "E20"]
[Time "08:00:30"]
[TimeControl "2700+45"]

1. d4 Nf6 2. c4 e6 3. Nc3 Bb4 4. f3 d5 5. a3 Bxc3+ 6. bxc3 O-O 7. e3 b6 8. cxd5
exd5 9. Bd3 Ba6 10. Ne2 Re8 11. O-O Qc8 12. Ng3 Nc6 13. Bf5 Qd8 14. Re1 Na5 15.
Ra2 Nc4 16. e4 dxe4 17. fxe4 h6 18. e5 Nd5 19. Qg4 Kf8 20. Rf2 Bc8 21. Nh5 g5
22. Bxc8 Qxc8 23. e6 Nd6 24. c4 Nxc4 25. Rxf7+ Kg8 26. Bxg5 Rxe6 27. Rg7+ Kh8
28. Rxe6 hxg5 29. Rh6# {Black checkmated} 1-0

[Event "Team 45 45 League T51"]
[Site "Internet Chess Club"]
[Date "2011.12.17"]
[Round "6"]
[White "poni"]
[Black "Zekrom"]
[Result "1/2-1/2"]
[WhiteElo "1888"]
[BlackElo "1837"]
[Opening "Réti: King's Indian attack"]
[ECO "A08"]
[Time "12:00:36"]
[TimeControl "2700+45"]

1. Nf3 d5 2. g3 c5 3. Bg2 Nc6 4. O-O e5 5. d3 Nf6 6. Nbd2 Bf5 7. Nh4 Be6 8. e4
Be7 9. Nf5 Bxf5 10. exf5 Nd4 11. Nf3 Qc7 12. Re1 Nxf3+ 13. Qxf3 O-O 14. Bg5 Rad8
15. Rad1 Rfe8 16. c4 e4 17. dxe4 dxe4 18. Qb3 Rxd1 19. Rxd1 h6 20. Bf4 Qc8 21.
h3 b6 22. Qa4 a5 23. Qb5 Rd8 24. Rxd8+ Qxd8 25. Kh2 Bd6 26. Be3 Qc7 27. Qb3 Be5
28. Qc2 Qd7 29. Bxe4 Nxe4 30. Qxe4 Bxb2 31. Qb1 Bd4 32. Qd3 Kf8 {Game drawn by
mutual agreement} 1/2-1/2

[Event "Team 45 45 League T51"]
[Site "Internet Chess Club"]
[Date "2011.12.18"]
[Round "6"]
[White "Constrictor"]
[Black "tryanything"]
[Result "1-0"]
[WhiteElo "1672"]
[BlackElo "1572"]
[Opening "Queen's pawn game, Darooha variation "]
[ECO "D02"]
[Time "17:01:51"]
[TimeControl "2700+45"]

1. Nf3 d5 2. d4 Nf6 3. c4 e6 4. g3 Bb4+ 5. Bd2 Bxd2+ 6. Nbxd2 O-O 7. Bg2 Nbd7 8.
O-O c5 9. Rc1 Rb8 10. Nb3 cxd4 11. Qxd4 b6 12. c5 Nxc5 13. Nxc5 bxc5 14. Rxc5
Qb6 15. b3 Ba6 16. Re1 Nd7 17. Rc2 Qxd4 18. Nxd4 Rbc8 19. Rec1 Rxc2 20. Rxc2 Rc8
21. Rxc8+ Bxc8 22. Nc6 Kf8 23. Nxa7 Ba6 24. e3 Bd3 25. Bf1 Bb1 26. a3 Ba2 27. b4
Nb6 28. Nc6 Bb3 29. Nd4 Ba4 30. Bb5 e5 31. Bxa4 exd4 32. Bb5 dxe3 33. fxe3 Nc4
34. Bxc4 dxc4 35. Kf2 Ke7 36. Ke2 Kd6 37. Kd2 f5 38. a4 g5 39. a5 h5 40. a6 Kc6
41. b5+ Kb6 42. h4 {Black resigns} 1-0

[Event "Team 45 45 League T51"]
[Site "Internet Chess Club"]
[Date "2011.12.18"]
[Round "6"]
[White "jjaillet2007"]
[Black "tcianciola"]
[Result "1-0"]
[WhiteElo "1340"]
[BlackElo "1077"]
[Opening "King's Indian defense, 3.Nc3"]
[ECO "E61"]
[Time "18:00:41"]
[TimeControl "2700+45"]

1. d4 Nf6 2. c4 g6 3. Nc3 Bg7 4. Bf4 O-O 5. e3 d6 6. Bd3 Nbd7 7. Nf3 Re8 8. O-O
e5 9. dxe5 Nxe5 10. Bxe5 dxe5 11. Be4 Nxe4 12. Nxe4 Bg4 13. h3 Bf5 14. Ng3 Be6
15. b3 e4 16. Qxd8 Raxd8 17. Nd4 Bxd4 18. exd4 Rxd4 19. Rad1 Red8 20. Rxd4 Rxd4
21. Re1 f5 22. f3 f4 23. Nxe4 Kg7 24. Nc5 Bf5 25. Re7+ Kh6 26. Rxc7 Rd1+ 27. Kh2
Ra1 28. Rxb7 Rxa2 29. Rb4 Bc2 30. Ne6 a5 31. Rb6 g5 32. Nxf4+ Kg7 33. Ne6+ Kg6
34. c5 Rb2 35. Nd4+ Kg7 36. c6 a4 37. c7 Bxb3 38. c8=Q Be6 39. Nxe6+ {Black
resigns} 1-0

[Event "Team 45 45 League T51"]
[Site "Internet Chess Club"]
[Date "2011.12.15"]
[Round "6"]
[White "oldprez"]
[Black "BrerRabbit"]
[Result "1-0"]
[WhiteElo "1481"]
[BlackElo "1482"]
[Opening "Pirc: classical (two knights) system"]
[ECO "B08"]
[Time "19:03:32"]
[TimeControl "2700+45"]

1. e4 d6 2. d4 Nf6 3. Nc3 g6 4. Nf3 Bg7 5. Bd3 O-O 6. O-O Bg4 7. Be2 Nc6 8. Be3
e5 9. Qd2 exd4 10. Nxd4 Bxe2 11. Ndxe2 Re8 12. Ng3 a6 13. Bh6 Qd7 14. Bxg7 Kxg7
15. Rfe1 Re7 16. Nf5+ gxf5 17. Qg5+ Kf8 18. Qxf6 Kg8 19. Re3 Ne5 20. Rg3+ Ng6
21. exf5 Rae8 22. h3 d5 23. fxg6 fxg6 24. Qd4 Re5 25. Re3 Rxe3 26. fxe3 c6 27.
e4 Qg7 28. Qxg7+ Kxg7 29. exd5 {Black resigns} 1-0

[Event "Team 45 45 League T51"]
[Site "Internet Chess Club"]
[Date "2011.12.19"]
[Round "6"]
[White "dscvdchk"]
[Black "doublepar"]
[Result "1-0"]
[WhiteElo "1423"]
[BlackElo "1511"]
[Opening "QGD: Ragozin variation"]
[ECO "D38"]
[Time "19:05:04"]
[TimeControl "2700+45"]

1. Nf3 d5 2. d4 Nf6 3. c4 e6 4. Nc3 Bb4 5. a3 Bxc3+ 6. bxc3 O-O 7. Bg5 Nbd7 8.
e3 c5 9. Bd3 dxc4 10. Bxc4 Qa5 11. Qc2 b6 12. O-O Bb7 13. Be2 cxd4 14. Bxf6 Nxf6
15. cxd4 Rac8 16. Qb2 Ne4 17. Ne5 f6 18. Nf3 Qc3 19. Qb4 Rc7 20. h3 Rfc8 21. Nh2
Qd2 22. Bf3 Ba6 23. Bxe4 Qc1 24. Raxc1 Rxc1 25. g4 {Black resigns} 1-0

[Event "Team 45 45 League T51"]
[Site "Internet Chess Club"]
[Date "2011.12.19"]
[Round "6"]
[White "radiohead"]
[Black "PsyMar"]
[Result "1-0"]
[WhiteElo "1427"]
[BlackElo "1398"]
[Opening "Alekhine's defense: modern variation, 4...Bg4"]
[ECO "B05"]
[Time "20:00:36"]
[TimeControl "2700+45"]

1. e4 Nf6 2. e5 Nd5 3. d4 d6 4. Nf3 Bg4 5. Be2 Bxf3 6. Bxf3 dxe5 7. dxe5 c6 8.
O-O e6 9. Bd2 Nd7 10. Qe2 Qc7 11. Re1 Bc5 12. c4 Ne7 13. Bc3 Ng6 14. b4 Be7 15.
a3 Rd8 16. Nd2 c5 17. b5 Qb6 18. Nb3 {Black resigns} 1-0

[Event "Team 45 45 League T51"]
[Site "Internet Chess Club"]
[Date "2011.12.19"]
[Round "6"]
[White "Skylab"]
[Black "maliboum"]
[Result "0-1"]
[WhiteElo "1385"]
[BlackElo "1316"]
[Opening "Queen's gambit declined"]
[ECO "D30"]
[Time "13:00:16"]
[TimeControl "2700+45"]

1. d4 d5 2. c4 e6 3. e3 Nf6 4. Nc3 c5 5. Nf3 cxd4 6. exd4 Be7 7. Bd3 Nc6 8. O-O
O-O 9. h3 a6 10. cxd5 exd5 11. a3 b5 12. Re1 Re8 13. Bg5 Be6 14. Rc1 Rc8 15. Bb1
Na5 16. Qc2 g6 17. h4 Ne4 18. Bxe7 Qxe7 19. Qe2 f5 20. Qe3 Nc4 21. Qe2 b4 22.
Nxe4 dxe4 23. Ne5 Nxe5 24. Rxc8 Rxc8 25. dxe5 bxa3 26. Qxa6 axb2 27. Re2 Rc1+
28. Kh2 Qxh4# {White checkmated} 0-1

[Event "Team 45 45 League T51"]
[Site "Internet Chess Club"]
[Date "2011.12.17"]
[Round "6"]
[White "Tjet"]
[Black "cys456"]
[Result "1-0"]
[WhiteElo "1453"]
[BlackElo "1611"]
[Opening "English: symmetrical, Botvinnik system"]
[ECO "A36"]
[Time "18:02:19"]
[TimeControl "2700+45"]

1. c4 c5 2. g3 Nc6 3. Nc3 g6 4. e4 Bg7 5. Bg2 d6 6. h3 e6 7. Nge2 Nge7 8. O-O
O-O 9. d3 f5 10. Rb1 Rb8 11. Be3 Nd4 12. Qd2 fxe4 13. Nxe4 Nf3+ 14. Bxf3 Rxf3
15. Ng5 Rf8 16. Nf4 Rf6 17. Ne4 Rf8 18. Ng5 Re8 19. Ngxe6 Bxe6 20. Nxe6 Qd7 21.
Nxg7 Kxg7 22. Qc3+ Kg8 23. g4 Nc6 24. d4 cxd4 25. Bxd4 Re4 26. Rbd1 Rf8 27. f3
Ref4 28. Kg2 h5 29. Be3 R4f7 30. Qd3 hxg4 31. fxg4 Ne5 32. Qe4 Rf3 33. Rxf3 Rxf3
34. Qd5+ Kh7 35. Qxe5 Qc6 36. Qd5 Rxe3 37. Qxc6 bxc6 38. Rxd6 Re2+ 39. Kf3 Rxb2
40. Rd7+ Kg8 41. Rxa7 Rb4 42. Kf4 Rxc4+ 43. Kg5 Rd4 44. Kxg6 Rd6+ 45. Kh5 c5 46.
g5 c4 47. Rc7 Rd4 48. h4 Kf8 49. a4 c3 50. a5 Ra4 51. Rxc3 Rxa5 52. Rc7 Kg8 53.
Kh6 Ra6+ 54. g6 Ra8 55. h5 Rd8 56. Rf7 Rd5 57. Rb7 Rd8 58. Rb5 Kh8 59. Kg5 Kg7
60. h6+ Kh8 61. Rf5 Kg8 62. h7+ Kh8 63. Kh6 {Black resigns} 1-0

[Event "Team 45 45 League T51"]
[Site "Internet Chess Club"]
[Date "2011.12.17"]
[Round "6"]
[White "chesschessboy"]
[Black "monkhammer"]
[Result "1-0"]
[WhiteElo "1370"]
[BlackElo "1372"]
[Opening "Two knights defense"]
[ECO "C59"]
[Time "15:00:36"]
[TimeControl "2700+45"]

1. e4 e5 2. Nf3 Nc6 3. Bc4 Nf6 4. Ng5 d5 5. exd5 Na5 6. Bb5+ c6 7. dxc6 bxc6 8.
Be2 Nd5 9. d3 Nf4 10. Bxf4 exf4 11. Nf3 Bd6 12. Nc3 Rb8 13. Rb1 Be6 14. a3 c5
15. Qd2 Nc6 16. b3 O-O 17. O-O Qc7 18. Ne4 Rfd8 19. Nxd6 Qb7 20. Nxb7 {Black
resigns} 1-0

[Event "Team 45 45 League T51"]
[Site "Internet Chess Club"]
[Date "2011.12.17"]
[Round "6"]
[White "dpmdpm"]
[Black "iceface"]
[Result "1-0"]
[WhiteElo "1522"]
[BlackElo "1506"]
[Opening "Scotch gambit"]
[ECO "C44"]
[Time "13:31:07"]
[TimeControl "2700+45"]

1. e4 e5 2. Nf3 Nc6 3. d4 exd4 4. Bc4 h6 5. Nxd4 Nxd4 6. Qxd4 Qf6 7. Qxf6 Nxf6
8. Nc3 Bb4 9. Bd3 O-O 10. O-O a6 11. Nd5 Nxd5 12. exd5 Re8 13. Bf4 d6 14. a3 Bc5
15. Rfe1 Bd7 16. Be3 Bxe3 17. Rxe3 Rxe3 18. fxe3 Bb5 19. Bxb5 axb5 20. Rf1 Re8
21. Kf2 Re5 22. Rd1 Kf8 23. Rd4 Ke7 24. Ke2 Kd7 25. e4 f5 26. Ke3 fxe4 27. b3
Kc8 28. c4 bxc4 29. bxc4 Rg5 30. g3 Re5 31. Rxe4 Rxe4+ 32. Kxe4 Kd7 33. Kf5 Ke7
34. Kg6 Kf8 35. g4 Kg8 36. Kf5 Kf7 37. Ke4 Kf6 38. h4 g6 39. a4 b6 40. Kf4 Ke7
41. g5 h5 42. Ke4 Kd7 43. Kd4 c6 44. Kc3 cxd5 45. cxd5 Kc7 46. Kb4 Kb7 47. Kb5
Kc7 {Black resigns} 1-0

[Event "Team 45 45 League T51"]
[Site "Internet Chess Club"]
[Date "2011.12.16"]
[Round "6"]
[White "mongmong"]
[Black "SirIvanhoe"]
[Result "1-0"]
[WhiteElo "1618"]
[BlackElo "1484"]
[Opening "Queen's pawn game"]
[ECO "D02"]
[Time "21:13:08"]
[TimeControl "2700+45"]

1. d4 d5 2. Nf3 c6 3. e3 Bf5 4. c4 e6 5. Nc3 Nd7 6. Qb3 Qb6 7. Qxb6 Nxb6 8. cxd5
cxd5 9. Nh4 Nf6 10. Nxf5 exf5 11. Nb5 Bb4+ 12. Bd2 Bxd2+ 13. Kxd2 Kd7 14. Bd3
Ne4+ 15. Ke2 g6 16. Rhc1 Rhc8 17. f3 Nd6 18. Kd2 Nbc4+ 19. Bxc4 Nxc4+ 20. Ke2 a6
21. Nc3 Kd6 22. b3 Nb6 23. e4 fxe4 24. fxe4 Rc6 25. exd5 Nxd5 26. Ne4+ Kc7 27.
g3 Re8 28. Rxc6+ Kxc6 29. Rc1+ Kb6 30. Kf3 f5 31. Nc5 Re3+ 32. Kf2 Re7 33. a3
Re3 34. Nd7+ Ka7 35. Rc5 Rxb3 36. Rxd5 Rxa3 37. Nf8 Kb6 38. Nxh7 Ra2+ 39. Kg1
Ra5 40. Rd6+ Kc7 41. Rxg6 Rd5 42. Rf6 Rxd4 43. Rxf5 b5 44. Ng5 b4 45. Ne6+
{Black resigns} 1-0

[Event "Team 45 45 League T51"]
[Site "Internet Chess Club"]
[Date "2011.12.16"]
[Round "6"]
[White "LeanSixSigma"]
[Black "seattleblues"]
[Result "1-0"]
[WhiteElo "1407"]
[BlackElo "1453"]
[Opening "Caro-Kann: Panov-Botvinnik attack"]
[ECO "B13"]
[Time "19:00:32"]
[TimeControl "2700+45"]

1. e4 c6 2. d4 d5 3. exd5 cxd5 4. c4 Nf6 5. Nc3 Bf5 6. Nf3 Nc6 7. c5 e6 8. Bb5
Be7 9. O-O O-O 10. Bxc6 bxc6 11. Ne5 Qc7 12. f3 Nd7 13. Bf4 Bf6 14. Ng6 Qb7 15.
Nxf8 Nxf8 16. Qd2 h6 17. Rfe1 Nh7 18. g4 Ng5 19. Bxg5 Bxg5 20. f4 Bh4 21. gxf5
Bxe1 22. Rxe1 exf5 23. Re2 Qd7 24. Qe3 Kf8 25. Qe5 f6 26. Qd6+ Qxd6 27. cxd6 Rd8
28. Re7 Rxd6 29. Rxa7 Re6 30. Kf2 h5 31. a4 g5 32. fxg5 fxg5 33. a5 f4 34. a6 g4
35. Ra8+ Kf7 36. a7 f3 37. Rc8 {Black resigns} 1-0

[Event "Team 45 45 League T51"]
[Site "Internet Chess Club"]
[Date "2011.12.17"]
[Round "6"]
[White "lawth3"]
[Black "Conjurer"]
[Result "0-1"]
[WhiteElo "1174"]
[BlackElo "1414"]
[Opening "QGD: Ragozin variation"]
[ECO "D38"]
[Time "12:58:34"]
[TimeControl "2700+45"]

1. d4 Nf6 2. c4 e6 3. Nf3 d5 4. Nc3 Bb4 5. Qc2 O-O 6. a3 Be7 7. h3 c5 8. cxd5
cxd4 9. Nxd4 Nxd5 10. Nxd5 Qxd5 11. Nf3 Nc6 12. e3 Qa5+ 13. Qd2 Qc7 14. Be2 b6
15. b4 Bb7 16. O-O Rfd8 17. Qc3 Bf6 18. Nd4 Rac8 19. Ra2 Nxd4 20. Qxc7 Nxe2+ 21.
Rxe2 Rxc7 22. f3 Ba6 {White resigns} 0-1

[Event "Team 45 45 League T51"]
[Site "Internet Chess Club"]
[Date "2011.12.17"]
[Round "6"]
[White "otib2006"]
[Black "mrmarck"]
[Result "0-1"]
[WhiteElo "1252"]
[BlackElo "1325"]
[Opening "Scandinavian (center counter) defense"]
[ECO "B01"]
[Time "10:07:54"]
[TimeControl "2700+45"]

1. e4 d5 2. exd5 Qxd5 3. Nc3 Qe5+ 4. Be2 Nf6 5. Nf3 Qd6 6. O-O e6 7. d4 Nc6 8.
Bg5 Be7 9. Bxf6 Bxf6 10. Ne4 Qe7 11. Bb5 O-O 12. Bxc6 bxc6 13. Nxf6+ Qxf6 14.
Ne5 Rd8 15. Nxc6 Rd6 16. Ne5 Rb8 17. b3 h6 18. c3 a5 19. Nc4 Ra6 20. Ne5 a4 21.
bxa4 Rba8 22. Ng4 Qg5 23. f4 Qf5 24. Ne5 Rxa4 25. Nc6 Kf8 26. Qe2 Ba6 27. Qe5
Qxe5 28. Nxe5 Bxf1 29. Rxf1 Rxa2 30. Nd7+ Ke7 31. Nc5 Rc2 32. Ne4 Raa2 33. Rd1
Rxg2+ 34. Kf1 Rxh2 35. Kg1 f5 36. Ng3 Rhg2+ 37. Kf1 Rxg3 38. d5 Rh3 39. Kg1 Rxc3
40. dxe6 Kxe6 41. Re1+ Kf6 42. Kh1 Rh3+ 43. Kg1 Rhh2 44. Re6+ Kxe6 45. Kf1
{White resigns} 0-1

[Event "Team 45 45 League T51"]
[Site "Internet Chess Club"]
[Date "2011.12.16"]
[Round "6"]
[White "jjaillet2007"]
[Black "dpmdpm"]
[Result "0-1"]
[WhiteElo "1334"]
[BlackElo "1527"]
[Opening "King's Indian defense, 3.Nc3"]
[ECO "E61"]
[Time "14:35:08"]
[TimeControl "2700+45"]

1. d4 Nf6 2. c4 g6 3. Nc3 Bg7 4. Nf3 O-O 5. Bf4 d6 6. e3 Nbd7 7. Bd3 Re8 8. O-O
e5 9. dxe5 dxe5 10. Bg5 h6 11. Bxf6 Nxf6 12. Qc2 Bg4 13. Nd2 Bd7 14. Rfe1 Bc6
15. Nce4 Nxe4 16. Bxe4 Qd7 17. Rad1 Bxe4 18. Qxe4 c6 19. Nf3 Qe6 20. Rd2 Rad8
21. Red1 Rxd2 22. Rxd2 Qe7 23. a3 f5 24. Qc2 e4 25. Ne1 Rd8 26. Rxd8+ Qxd8 27.
f3 exf3 28. Nxf3 Qb6 29. c5 Qxb2 30. Qxb2 Bxb2 31. a4 Ba3 32. Ne5 Bxc5 33. Nxg6
Bxe3+ 34. Kf1 Kg7 35. Ne7 Kf6 36. Ng8+ Ke6 37. Ke2 Bg5 38. g3 h5 39. h4 Be7 40.
Nxe7 Kxe7 41. Ke3 Kd6 42. Kd4 b5 43. axb5 cxb5 44. Kc3 Kc5 45. Kb3 b4 46. Kb2
Kc4 47. Kc2 b3+ 48. Kc1 Kc3 49. Kb1 b2 50. Ka2 Kc2 {White resigns} 0-1

[Event "Team 45 45 League T51"]
[Site "Internet Chess Club"]
[Date "2011.12.19"]
[Round "6"]
[White "malihini"]
[Black "BosqueVerde"]
[Result "1-0"]
[WhiteElo "1240"]
[BlackElo "1229"]
[Opening "King's pawn game"]
[ECO "C44"]
[Time "15:00:52"]
[TimeControl "2700+45"]

1. e4 e5 2. Nf3 Nc6 3. d3 Be7 4. Be2 Nf6 5. O-O O-O 6. c3 d5 7. Nbd2 d4 8. cxd4
exd4 9. a3 a5 10. Nc4 b5 11. Nce5 Bb7 12. Qb3 b4 13. Nxc6 Bxc6 14. Qc4 Bb7 15.
Qxd4 Qc8 16. Bf4 c5 17. Qe5 Re8 18. Qc7 Nh5 19. Bd6 Bf6 20. Qxc5 Bxb2 21. Qxh5
Bxa1 22. Ng5 h6 23. Qxf7+ Kh8 24. Qh5 Bf6 25. Nf7+ Kg8 26. Qg6 Bg5 27. Be5 Rxe5
28. Nxe5 b3 29. Qf7+ Kh7 30. Qxb3 Rb8 31. Qf7 Bf6 32. Qg6+ Kh8 33. Nf7+ Kg8 34.
Nxh6+ Kf8 35. Qf7# {Black checkmated} 1-0

[Event "Team 45 45 League T51"]
[Site "Internet Chess Club"]
[Date "2011.12.20"]
[Round "6"]
[White "WannaB"]
[Black "WzeroMN"]
[Result "1/2-1/2"]
[WhiteElo "1118"]
[BlackElo "1111"]
[Opening "Giuoco Pianissimo"]
[ECO "C55"]
[Time "10:30:23"]
[TimeControl "2700+45"]

1. e4 e5 2. Nf3 Nc6 3. Bc4 Nf6 4. d3 Bc5 5. O-O O-O 6. Nc3 d6 7. a3 Bg4 8. b4
Bd4 9. Bd2 Bxf3 10. Qxf3 a6 11. Rab1 Ba7 12. Ne2 Nd4 13. Nxd4 Bxd4 14. c3 Ba7
15. a4 c6 16. d4 b5 17. axb5 axb5 18. Bb3 Bb6 19. dxe5 dxe5 20. Rbd1 Ra3 21. Bc2
Qe7 22. Qe2 Rd8 23. c4 bxc4 24. Qxc4 c5 25. bxc5 Bxc5 26. Bc1 Rxd1 27. Rxd1 Ra8
28. Be3 Bxe3 29. fxe3 Rd8 30. Rxd8+ Qxd8 {Game drawn by mutual agreement}
1/2-1/2

[Event "Team 45 45 League T51"]
[Site "Internet Chess Club"]
[Date "2011.12.17"]
[Round "6"]
[White "PsyMar"]
[Black "papricka205"]
[Result "0-1"]
[WhiteElo "1414"]
[BlackElo "1472"]
[Opening "Scotch game"]
[ECO "C45"]
[Time "11:00:33"]
[TimeControl "2700+45"]

1. e4 e5 2. Nf3 Nc6 3. d4 exd4 4. Nxd4 Qf6 5. c3 Bc5 6. Be3 Nge7 7. Bc4 O-O 8.
Nxc6 Qxc6 9. Qf3 Bxe3 10. Bd5 Nxd5 11. exd5 Bxf2+ 12. Kxf2 Qb6+ 13. Kg3 Qxb2
{White resigns} 0-1

[Event "Team 45 45 League T51"]
[Site "Internet Chess Club"]
[Date "2011.12.15"]
[Round "6"]
[White "Goldenberg"]
[Black "Skylab"]
[Result "0-1"]
[WhiteElo "1370"]
[BlackElo "1393"]
[Opening "Bishop's opening: Berlin defense"]
[ECO "C24"]
[Time "18:00:30"]
[TimeControl "2700+45"]

1. e4 e5 2. Bc4 Nf6 3. d3 h6 4. Nc3 Bc5 5. f4 d6 6. fxe5 dxe5 7. Na4 Bd6 8. Nf3
a6 9. Nc3 Bc5 10. Nxe5 O-O 11. h3 Qd4 12. Rf1 Qxe5 13. Qf3 Nc6 14. Bf4 Qe8 15.
Bxc7 Nd4 16. Qd1 b5 17. Bb3 Ra7 18. Bh2 Rd7 19. Ne2 Nxb3 20. axb3 Nxe4 21. Qc1
Nf6 22. Bf4 Re7 23. Qd1 Bb7 24. g4 Bg2 25. Rf2 Bxh3 26. Bxh6 Bxf2+ 27. Kxf2 gxh6
28. Nf4 Bxg4 29. Qh1 h5 30. Rg1 Re2+ 31. Nxe2 Qxe2+ 32. Kg3 Qe3+ 33. Kh4 Qf2+
34. Rg3 Nd5 35. Qxd5 Qh2+ 36. Kg5 Qxg3 37. Kf6 Qf4+ 38. Ke7 Kg7 39. Qc6 Qe5+
{White resigns} 0-1

[Event "Team 45 45 League T51"]
[Site "Internet Chess Club"]
[Date "2011.12.22"]
[Round "6"]
[White "joshq03"]
[Black "sere"]
[Result "1-0"]
[WhiteElo "1450"]
[BlackElo "1223"]
[Opening "Sicilian: Alapin's variation (2.c3)"]
[ECO "B22"]
[Time "10:00:15"]
[TimeControl "2700+45"]

1. e4 c5 2. c3 Nf6 3. e5 Nd5 4. d4 cxd4 5. cxd4 Nc6 6. Bc4 Nb6 7. Bb3 g6 8. Nc3
Bg7 9. Nf3 O-O 10. O-O d6 11. Re1 dxe5 12. dxe5 Qxd1 13. Nxd1 Bf5 14. Nc3 Rfd8
15. Bf4 Rd7 16. Rad1 Rad8 17. Rc1 Nb4 18. Re3 Nd3 19. Rc2 Nxf4 20. Rc1 Nd3 21.
Rc2 Nxe5 22. Nxe5 Bxe5 23. Rce2 Bg4 24. Re1 Bf6 25. h3 Be6 26. Bxe6 fxe6 27.
Rxe6 Nd5 28. Nxd5 Rxd5 29. b3 Rd2 30. a3 Bd4 31. Rf1 Kf7 32. Re4 Bb6 33. a4 Bc7
34. Rfe1 R8d7 35. g3 Bb6 36. Rf4+ Kg7 37. Kg2 g5 38. Rf3 R7d3 39. Rxe7+ Kg8 40.
Re8+ Kg7 41. Re7+ Kg6 42. Re6+ Kg7 43. Re7+ Kh8 44. Rf8# {Black checkmated} 1-0

[Event "Team 45 45 League T51"]
[Site "Internet Chess Club"]
[Date "2011.12.19"]
[Round "6"]
[White "mattphelps"]
[Black "chicopee-ed"]
[Result "1-0"]
[WhiteElo "1360"]
[BlackElo "1336"]
[Opening "Petrov: classical attack"]
[ECO "C42"]
[Time "19:00:41"]
[TimeControl "2700+45"]

1. e4 e5 2. Nf3 Nf6 3. Nxe5 d6 4. Nf3 Nxe4 5. d4 d5 6. Bd3 Nc6 7. O-O Be7 8.
Nbd2 Bf5 9. Re1 Nxd2 10. Qxd2 Bxd3 11. Qxd3 O-O 12. Bf4 Bd6 13. Bxd6 Qxd6 14. c3
Rfe8 15. Ng5 Qg6 16. Qxg6 hxg6 17. f4 Kf8 18. g4 Rxe1+ 19. Rxe1 Re8 20. Nh7+
{Black resigns} 1-0

[Event "Team 45 45 League T51"]
[Site "Internet Chess Club"]
[Date "2011.12.20"]
[Round "6"]
[White "Check101"]
[Black "kingsrook"]
[Result "1-0"]
[WhiteElo "1310"]
[BlackElo "1286"]
[Opening "Caro-Kann: Panov-Botvinnik attack"]
[ECO "B13"]
[Time "13:03:30"]
[TimeControl "2700+45"]

1. e4 c6 2. d4 d5 3. exd5 cxd5 4. c4 e6 5. Nf3 Nf6 6. Bd3 Nbd7 7. O-O b6 8. Nc3
Bb7 9. Bg5 Be7 10. Bxf6 Nxf6 11. cxd5 exd5 12. Bb5+ Kf8 13. Re1 a6 14. Bd3 g6
15. h3 Kg7 16. Re3 Bd6 17. Qe2 Re8 18. Ne5 Qc7 19. Re1 Re7 20. f4 Rae8 21. Bxa6
Bxa6 22. Qxa6 Bb4 23. Rc1 Qb7 24. Qb5 Bd6 25. g4 Ne4 26. Nxd5 Re6 27. Rxe4
{Black resigns} 1-0